 Dungeon Crawl Stone Soup version 0.29-a0-330-g52719c12eb (webtiles) character file.

Game seed: 9661278032919978500

5576 ketsa the Fighter (level 11, -2/85 HPs)
             Began as a Djinni Conjurer on May 27, 2022.
             Was a Follower of Makhleb.
             Slain by Harold
             ... wielding a +0 antimagic short sword
              (9 damage)
             ... on level 1 of the Lair of Beasts on May 30, 2022.
             The game lasted 01:04:02 (10265 turns).

ketsa the Fighter (Djinni Conjurer)                Turns: 10265, Time: 01:04:03

Health: -2/85      AC:  6    Str:  8    XL:     11   Next: 2%
Gold:   1569       EV: 12    Int: 28    God:    Makhleb [*.....] SH:  0 Dex: 12

rFire   + + .      SeeInvis .   J - +4 falchion
rCold   x . .      Faith    .   (no shield)
rNeg    . . .      Spirit   .   r - +0 robe
rPois   ∞          Reflect  .   m - +1 helmet
rElec   .          Harm     .   I - +0 cloak
rCorr   .          Rampage  .   c - +0 pair of gloves
Will    +....                   (boots unavailable)
Stlth   ++........              (no amulet)
HPRegen 0.24/turn               e - +6 ring of intelligence
MPRegen 0.00/turn               o - ring of wizardry

@: flying, very slightly contaminated, slowed, very slow
A: sickness immunity, fire resistance 2, cold vulnerability 1, float, innate
caster, HP casting, extra vitality 1
a: Renounce Religion


You were on level 1 of the Lair of Beasts.
You worshipped Makhleb.
Makhleb was aware of your devotion.
You visited 3 branches of the dungeon, and saw 10 of its levels.

You collected 1569 gold pieces.

Inventory:

Hand Weapons
 i - a +0 dagger
 u - a +0 short sword of freezing
 G - a +2 dagger of pain
 J - a +4 falchion (weapon)
 L - a +2 short sword of speed
 M - a +2 dagger of venom
 P - a +0 short sword of electrocution
 Q - a +2 shortbow of flaming
 S - a +4 falchion
Missiles
 j - 268 stones
 t - 11 boomerangs
 w - 29 poisoned darts
Armour
 c - a +0 pair of gloves (worn)
 m - a +1 helmet (worn)
 q - a +0 leather armour
 r - a +0 robe (worn)
 I - a +0 cloak (worn)
Jewellery
 e - a +6 ring of intelligence (left hand)
 g - a +6 ring of intelligence
 o - a ring of wizardry (right hand)
 y - a +4 ring of slaying
 K - a +6 ring of strength
 R - a +4 ring of protection
Wands
 p - a wand of polymorph (11)
 x - a wand of digging (11)
Scrolls
 a - a scroll of blinking {unknown}
 b - a scroll of enchant armour {unknown}
 h - a scroll of noise {unknown}
 n - a scroll of acquirement
 A - a scroll of teleportation {unknown}
 C - 2 scrolls of fear
 D - 2 scrolls of silence {unknown}
 E - 5 scrolls of magic mapping
 F - 3 scrolls of vulnerability {unknown}
 N - a scroll of enchant weapon {unknown}
 O - a scroll of holy word {unknown}
Potions
 k - 5 potions of curing
 l - a potion of berserk rage {unknown}
 s - a potion of ambrosia
 v - 4 potions of attraction
 z - 3 potions of might
 B - 4 potions of brilliance
 H - a potion of cancellation


   Skills:
 - Level 10.0 Fighting
 - Level 2.1 Dodging
 - Level 1.5 Stealth
 * Level 9.2 Spellcasting
 + Level 3.0 Invocations
 + Level 3.0 Evocations


You had one spell level left.
You knew the following spells:

 Your Spells              Type           Power      Damage    Failure   Level
a - Magic Dart            Conj           100%       1d8       1%          1
b - Searing Ray           Conj           100%       2d8       1%          2
c - Dazzling Flash        Conj/Hex       100%       N/A       1%          3
d - Fulminant Prism       Conj/Hex       30%        3d16      1%          4
e - Iskenderun's Mystic   Conj/Tloc      60%        2d13      1%          4
f - Beastly Appendage     Tmut           100%       N/A       1%          1
g - Poisonous Vapours     Pois/Air       100%       N/A       1%          2
h - Call Imp              Summ           60%        N/A       1%          2
i - Ozocubu's Armour      Ice            60%        N/A       1%          3
j - Metabolic Englaciati  Hex/Ice        30%        N/A       1%          5
Your spell library was empty.

Dungeon Overview and Level Annotations

Branches:
Dungeon (8/15)             Temple (1/1) D:5            Lair (1/6) D:8

Altars:
Ashenzari
Cheibriados
Dithmenos
Elyvilon
Fedhas
Gozag
Hepliaklqana
Kikubaaqudgha
Makhleb
Nemelex Xobeh
Okawaru
Qazlal
Ru
Sif Muna
Trog
Uskayaw
Vehumet
Wu Jian
Xom
Yredelemnul
The Shining One

Shops:
D:4 (   D:8 =

Annotations:
Lair:1 Harold


Innate Abilities, Weirdness & Mutations

You are immune to sickness and miasma.
You are immune to poison.
Your flesh is very heat resistant. (rF++)
You are vulnerable to cold. (rC-)
You float through the air rather than walking.
You learn spells naturally, not from books.
Your magical power is your life essence.
You have superior vitality. (+4 MHP)


Message History

You conjure a prism of explosive energy!
A fulminant prism comes into view.
Harold hits your fulminant prism with a +0 antimagic short sword!
You struggle against the net.
Harold hits your fulminant prism with a +0 antimagic short sword!
Your fulminant prism detonates feebly.
You struggle against the net.
You struggle against the net.
Harold fires a harpoon shot at you. The harpoon shot hits you.
You are yanked forward by the harpoon shot.
Harold looks eager to get this over with.
Harold fires a harpoon shot at you. The harpoon shot hits you!
You are yanked forward by the harpoon shot.
Casting: Fulminant Prism (safe; 1% risk of failure)
Confirm with . or Enter, or press ? or * to list all spells.
Casting: Metabolic Englaciation (dangerous; 1% risk of failure)
Press: ? - help, Dir - look around, f - activate You miscast Metabolic Englaciation.
You are very lightly contaminated with residual magic.
Waves of light ripple over your body.
Your magical effects are unravelling.
You feel yourself slow down.
* * * LOW HITPOINT WARNING * * *
You feel yourself slow down.
Harold hits you with a +0 antimagic short sword!
* * * LOW HITPOINT WARNING * * *
You feel better.
Harold hits you with a +0 antimagic short sword.
* * * LOW HITPOINT WARNING * * *
Harold hits you with a +0 antimagic short sword.
* * * LOW HITPOINT WARNING * * *
You feel much better.
Harold hits you with a +0 antimagic short sword.
* * * LOW HITPOINT WARNING * * *
Harold hits you with a +0 antimagic short sword!!
* * * LOW HITPOINT WARNING * * *
Harold hits you with a +0 antimagic short sword!
You die...

######.## #..P#
###.##...# #...#
#........# ##.##
#........## #..#
#.........######.# ..
♣................# ...
#....##P####.....##
###+.##....####
#.......# #.....##..@#
##.....## ...♣....#.@#
#.....P# ........##.#
#.....## ♣..>..♣..#.#
####.....#
...........####.#......#
...♣.......##...†......#
#...........#..........#
#........♣..####.###...#
#..♣..#............#...#


You could see Harold (fast).

Vanquished Creatures
  3 death yaks (D:8)
  Maurice (D:8)
  A komodo dragon (Lair:1)
  3 yaks (D:8)
  2 steam dragons
  A black bear (D:6)
  An orc warrior (D:5)
  2 ice beasts (D:8)
  2 sky beasts
  2 ogres
  A centaur (D:8)
  A phantom (D:5)
  A kobold brigand (D:8)
  2 necrophages (D:4)
  3 bullfrogs
  3 scorpions
  5 wights (D:7)
  A howler monkey (D:4)
  4 hounds
  A gnoll shaman (D:7)
  A jelly (D:4)
  An orc priest (D:8)
  Jessica (D:2)
  6 orc wizards
  Natasha (thrice) (D:3)
  2 iguanas
  7 gnolls (D:7)
  6 adders
  A shadow imp (D:5)
  2 white imps
  2 ufetubi (D:5)
  A worm (D:3)
  2 dart slugs
  24 orcs
  6 ball pythons
  8 endoplasms
  3 giant cockroaches
  4 goblins
  5 hobgoblins
  4 quokkas
  4 bats
  3 frilled lizards
  12 kobolds
  2 rats (D:2)
150 creatures vanquished.

Vanquished Creatures (collateral kills)
  A necrophage (D:5)
  2 kobolds (D:8)
3 creatures vanquished.

Vanquished Creatures (others)
  29 fulminant prisms
  2 fungi (Lair:1)
  A plant (Lair:1)
32 creatures vanquished.

Grand Total: 185 creatures vanquished

Notes
Turn   | Place    | Note
-------+----------+-------------------------------------------
     0 | D:1      | ketsa the Djinni Conjurer began the quest for the Orb.
     0 | D:1      | Reached XP level 1. HP: 15/15 MP: 0/0
   406 | D:1      | Reached skill level 1 in Fighting
   406 | D:1      | Reached XP level 2. HP: 19/22 MP: 0/0
   762 | D:1      | Reached XP level 3. HP: 22/27 MP: 0/0
   762 | D:1      | Learned a level 1 spell: Beastly Appendage
   827 | D:1      | Found a faded altar of an unknown god.
  1069 | D:2      | Found a hide-covered altar of Uskayaw.
  1375 | D:2      | Reached skill level 2 in Fighting
  1585 | D:2      | Noticed Jessica
  1753 | D:2      | Reached XP level 4. HP: 32/33 MP: 0/0
  1770 | D:2      | Killed Jessica
  2640 | D:3      | Noticed a scorpion
  2647 | D:3      | Killed a scorpion
  2648 | D:3      | Reached skill level 3 in Fighting
  2648 | D:3      | Reached XP level 5. HP: 33/40 MP: 0/0
  2648 | D:3      | Learned a level 2 spell: Poisonous Vapours
  2787 | D:3      | Noticed Natasha
  2790 | D:3      | Killed Natasha
  2797 | D:3      | Noticed Natasha
  2804 | D:3      | Killed Natasha
  2805 | D:3      | Reached XP level 6. HP: 20/46 MP: 0/0
  3236 | D:3      | Noticed Natasha
  3240 | D:3      | Killed Natasha
  3625 | D:4      | Found Ymau's Weapon Shop.
  3782 | D:4      | Reached skill level 4 in Fighting
  3890 | D:4      | Reached XP level 7. HP: 50/53 MP: 0/0
  3890 | D:4      | Learned a level 2 spell: Call Imp
  4007 | D:4      | Reached skill level 5 in Spellcasting
  4168 | D:4      | Reached skill level 5 in Fighting
  4457 | D:5      | Entered Level 5 of the Dungeon
  4608 | D:5      | Reached XP level 8. HP: 29/61 MP: 0/0
  4825 | D:5      | Found a staircase to the Ecumenical Temple.
  4918 | D:5      | Reached skill level 6 in Fighting
  5548 | Temple   | Entered the Ecumenical Temple
  5727 | Temple   | Became a worshipper of Makhleb the Destroyer
  6198 | D:6      | Reached skill level 7 in Fighting
  6259 | D:6      | Reached XP level 9. HP: 62/68 MP: 0/0
  6259 | D:6      | Learned a level 3 spell: Ozocubu's Armour
  6826 | D:7      | Reached skill level 8 in Fighting
  7075 | D:7      | Reached * piety under Makhleb
  7506 | D:8      | Found Posiedask's Jewellery Boutique.
  7512 | D:8      | Noticed Maurice
  7515 | D:8      | Killed Maurice
  7594 | D:8      | Found a staircase to the Lair.
  7594 | D:8      | Noticed a death yak
  7609 | D:8      | Reached skill level 9 in Fighting
  7846 | D:8      | Identified 2 scrolls of acquirement
  7847 | D:8      | Acquired 1122 gold pieces
  7874 | D:8      | Reached XP level 10. HP: 33/78 MP: 0/0
  8246 | D:8      | Identified the +5 spear "Uczegru" {vorpal, Str+3 Int+4
                  | Dex-5}
  8382 | D:8      | Noticed a death yak
  8468 | D:8      | Noticed a death yak
  8503 | D:8      | Killed a death yak
  8857 | D:8      | Reached skill level 10 in Fighting
  9540 | D:7      | Found a broken altar of Ashenzari.
  9617 | D:8      | Killed a death yak
  9618 | D:8      | Reached skill level 1 in Invocations
  9618 | D:8      | Reached skill level 1 in Evocations
  9658 | D:8      | HP: 2/80 [death yak (13)]
  9661 | D:8      | Killed a death yak
  9944 | Lair:1   | Entered Level 1 of the Lair of Beasts
 10075 | Lair:1   | Noticed a komodo dragon
 10075 | Lair:1   | Noticed Harold
 10095 | Lair:1   | Killed a komodo dragon
 10096 | Lair:1   | Reached XP level 11. HP: 79/85 MP: 0/0
 10096 | Lair:1   | Learned a level 5 spell: Metabolic Englaciation
 10265 | Lair:1   | Slain by Harold

Illustrated notes

Levels and vault maps discovered:
D:1:      dpeg_arrival_round_c, layout_rooms,
          shapermc_ecumenical_altar_totnotflames, st_stairs_6,
          chequers_arboretum, hex_large
D:2:      layout_basic, basic_altar, uniq_jessica
D:3:      layout_basic, minmay_misc_feat_enclosed, uniq_natasha
D:4:      layout_rooms, serial_shops, nicolae_take_the_stairs, minmay_surrounded
D:5:      layout_rooms, temple_pool_b
D:6:      layout_rooms
D:7:      layout_rooms, nicolae_overflow_hidden_temple
D:8:      layout_basic, dpeg_lair_monsters, serial_shops, nicolae_shop_trees,
          due_unseen_surprise, uniq_maurice
Temple:   mainiacjoe_temple_bowtie_tessellation
Lair:1:   layout_chaotic_city, chequers_serial_rivers_small_3,
          grunt_megastairs_3, lemuel_fruit_tree, uniq_harold

Skill      XL: |  1  2  3  4  5  6  7  8  9 10 |
---------------+-------------------------------+-----
Fighting       | 1 2 3 4 5 7 9 10 | 10.0
Spellcasting   | 4 5 6 7 9 |  9.2
Invocations    | 3 |  3.0
Evocations     | 3 |  3.0
Dodging        | |  2.1
Stealth        | |  1.5

Action                   |  1- 3 |  4- 6 |  7- 9 | 10-12 || total
-------------------------+-------+-------+-------+-------++-------
Melee: Dagger            |       |       |     6 |       ||     6
       Punch             |       |       |     1 |       ||     1
 Cast: Magic Dart        |    58 |    65 |    95 |    16 ||   234
       Searing Ray       |     1 |     6 |    23 |     5 ||    35
       Poisonous Vapours |       |       |    22 |    17 ||    39
       Call Imp          |       |       |     8 |     3 ||    11
       Fulminant Prism   |       |       |    12 |    17 ||    29
       Iskenderun's Myst |       |       |     7 |    10 ||    17
       Beastly Appendage |       |       |     2 |       ||     2
       Ozocubu's Armour  |       |       |       |     1 ||     1
Evoke: Wand              |       |       |       |     1 ||     1
  Use: Scroll            |       |     2 |    12 |     2 ||    16
       Potion            |       |       |     2 |     4 ||     6
Armor: Robe              |     3 |     1 |    10 |     4 ||    18
Dodge: Dodged            |     2 |     1 |    18 |     9 ||    30

Table legend: (Time is in decaauts)
 A = Elapsed time spent in this place.
 B = Non-inter-level travel time spent in this place.
 C = Inter-level travel time spent in this place.
 D = Time resting spent in this place.
 E = Time spent auto-exploring this place.
 F = Levels seen in this place.
 G = Mean time per level.
                   A        B        C        D        E       F      G
               +--------+--------+--------+--------+--------+-----+--------+
         Total |  10272 |   9716 |    556 |   2861 |   4329 |  10 | 1027.2 |
       Dungeon |   9721 |   9189 |    532 |   2760 |   4160 |   8 | 1215.1 |
        Temple |    248 |    224 |     24 |      0 |     86 |   1 |  248.0 |
          Lair |    302 |    302 |      0 |    101 |     83 |   1 |  302.0 |
               +--------+--------+--------+--------+--------+-----+--------+

Top non-repeatable levels by time:
     D:8: 2163 daAuts
     D:3: 1289 daAuts
     D:7: 1288 daAuts
     D:2: 1262 daAuts
     D:1: 1105 daAuts
     D:4: 986 daAuts
     D:6: 889 daAuts
     D:5: 737 daAuts
  Lair:1: 302 daAuts
  Temple: 248 daAuts
